 Seeded DCSS version 0.30.1-11-g7821555f0a (webtiles) character file.

Game seed: 8617203140785432855 (custom seed)

100 Psyclone the Conjurer (level 4, 0/24 HPs)
             Began as a Deep Elf Conjurer on Nov 4, 2023.
             Slain by a bat (1 damage)
             ... on level 3 of the Dungeon.
             The game lasted 00:00:21 (935 turns).

Psyclone the Conjurer (Deep Elf Conjurer)            Turns: 935, Time: 00:00:22

Health: 0/24       AC:  4    Str:  3    XL:     4   Next: 47%
Magic:  10/10      EV: 12    Int: 29    God:
Gold:   11         SH:  0    Dex: 10    Spells: 6/9 levels left

rFire   . . .        (no weapon)
rCold   . . .        (no shield)
rNeg    . . .        a - +0 robe
rPois   .            (helmet restricted)
rElec   .            (no cloak)
rCorr   .            e - +0 pair of gloves
SInv    .            d - +0 pair of boots
Will    .....        (no amulet)
Stlth   ++           (no ring)
HPRegen 0.24/turn    (no ring)
MPRegen 0.12/turn

%: no passive effects
@: no status effects
A: horns 1, clever 1, clumsy 1
a: no special abilities


You were on level 3 of the Dungeon.
You visited 1 branch of the dungeon, and saw 3 of its levels.

You collected 11 gold pieces.

Inventory:

Armour
 a - a +0 robe (worn)
 d - a +0 pair of boots (worn)
 e - a +0 pair of gloves (worn)
Potions
 b - a potion of magic


   Skills:
 + Level 2.4 Dodging
 - Level 2.4 Stealth
 - Level 3.0 Spellcasting
 + Level 6.5 Conjurations


You had 6 spell levels left.
You knew the following spells:

 Your Spells              Type           Power      Damage    Failure   Level
a - Magic Dart            Conj           100%       1d8       1%          1
b - Searing Ray           Conj           84%        2d7       1%          2

Your spell library contained the following spells:

 Spells                   Type           Power      Damage    Failure   Level
 Dazzling Flash           Conj/Hex       46%        N/A       6%          3
 Fulminant Prism          Conj/Hex       11%        3d8       21%         4
 Iskenderun's Mystic Bla  Conj/Tloc      23%        2d6       21%         4


Dungeon Overview and Level Annotations

Branches:
Dungeon (3/15) Zot: 17065

Altars:

Annotations:
D:3 Grinder


Innate Abilities, Weirdness & Mutations

You have a pair of small horns on your head.
Your mind is acute. (Int +4, Str/Dex -1)
You are clumsy. (Dex -2)


Message History

The jackal bites you but does no damage.
The jackal bites you. The jackal attacks as you move away!
The jackal bites you but does no damage.
The jackal attacks as you move away! The jackal barely misses you.
The jackal attacks as you move away! The jackal closely misses you.
The jackal misses you. The jackal attacks as you move away!
The jackal bites you.
* * * LOW HITPOINT WARNING * * *
The jackal attacks as you move away! The jackal bites you.
* * * LOW HITPOINT WARNING * * *
The jackal closely misses you.
Grinder blinks!
The jackal barely misses you.
A bat comes into view.
The jackal misses you.
You hit the bat. You headbutt the bat, but do no damage.
The bat is heavily wounded.
The bat misses you. The jackal completely misses you.
The jackal bites you but does no damage. x2
The jackal bites you.
* * * LOW HITPOINT WARNING * * *
The jackal bites you.
* * * LOW HITPOINT WARNING * * *
The jackal bites you but does no damage.
A bat comes into view.
The bat closely misses you. The bat barely misses you.
The jackal attacks as you move away! The jackal bites you.
* * * LOW HITPOINT WARNING * * *
Found an escape hatch in the ceiling.
The bat closely misses you. The bat barely misses you.
Found an orange potion.
The bat hits you but does no damage. The bat barely misses you.
The quokka attacks as you move away! The quokka bites you.
* * * LOW HITPOINT WARNING * * *
The bat hits you.
* * * LOW HITPOINT WARNING * * *
The bat barely misses you. The bat attacks as you move away! The bat hits you.
You die...

................#
####..#.........#
#....#.........# .
................###..
##.###...............
#. #...oJJ......... #
#....hh.r....#
#......b.b..#<#
.........h@..#
.................!#
...................
######.......##....
##......# #..
###.##.. . #. ##. #.


You could see an orc, 2 endoplasms, a quokka, 3 jackals and 2 bats.

Vanquished Creatures
  Jessica (D:2)
  Terence (D:2)
  Robin (D:2)
  An adder (D:2)
  A worm (D:2)
  2 dart slugs
  6 goblins (D:2)
  5 hobgoblins
  2 jackals (D:3)
  A quokka (D:2)
  A ball python (D:2)
  A bat (D:2)
  A kobold (D:3)
24 creatures vanquished.

Notes
Turn   | Place    | Note
-------+----------+-------------------------------------------
     0 | D:1      | Psyclone the Deep Elf Conjurer began the quest for the Orb.
     0 | D:1      | Reached XP level 1. HP: 10/10 MP: 6/6
    79 | D:1      | Gained mutation: You have hidden genetic potential. [potion
                  | of mutation]
    79 | D:1      | Gained mutation: You have a pair of small horns on your
                  | head. [potion of mutation]
    79 | D:1      | Gained mutation: You have supernaturally acute eyesight.
                  | (SInv) [potion of mutation]
   135 | D:2      | Reached skill level 5 in Conjurations
   135 | D:2      | Reached XP level 2. HP: 15/15 MP: 2/8
   140 | D:2      | Learned a level 2 spell: Searing Ray
   222 | D:2      | Noticed Terence
   237 | D:2      | Killed Terence
   238 | D:2      | Reached XP level 3. HP: 19/19 MP: 1/9
   250 | D:2      | Gained mutation: Your mind is acute. (Int +4, Str/Dex -1)
                  | [hidden potential]
   336 | D:2      | Noticed Jessica
   338 | D:2      | Killed Jessica
   339 | D:2      | Reached skill level 6 in Conjurations
   339 | D:2      | Reached XP level 4. HP: 24/24 MP: 7/10
   399 | D:2      | Noticed Robin
   406 | D:2      | Killed Robin
   418 | D:2      | Gained mutation: Your mind is very acute. (Int +8, Str/Dex
                  | -2) [hidden potential]
   418 | D:2      | Lost mutation: You have hidden genetic potential. [hidden
                  | potential expressed]
   534 | D:2      | Lost mutation: You have a pair of small horns on your head.
                  | [potion of mutation]
   534 | D:2      | Lost mutation: You have supernaturally acute eyesight.
                  | (SInv) [potion of mutation]
   534 | D:2      | Lost mutation: Your mind is very acute. (Int +8, Str/Dex
                  | -2) [potion of mutation]
   534 | D:2      | Gained mutation: You are clumsy. (Dex -2) [potion of
                  | mutation]
   534 | D:2      | Gained mutation: You have a pair of small horns on your
                  | head. [potion of mutation]
   588 | D:3      | Found the dreamshard necklace {*Dream Drain}
   898 | D:3      | Noticed Grinder
   934 | D:3      | HP: 1/24 [bat (1)]
   935 | D:3      | Slain by a bat

Illustrated notes

Levels and vault maps discovered:
D:1:      dpeg_arrival_stonehenge_12_columns, layout_basic, serial_shops, shop
D:2:      layout_basic, shapermc_ecumenical_altar_ellora, minivault_25,
          uniq_robin, uniq_terence, uniq_jessica
D:3:      layout_rooms, uniq_grinder

Skill      XL: |  1  2  3 |
---------------+----------+-----
Conjurations   | 5 6 |  6.5
Dodging        | |  2.4
Stealth        | |  2.4
Spellcasting   | |  3.0

Action                     |  1- 3 |  4- 6 || total
---------------------------+-------+-------++-------
  Melee: Unarmed           |       |    15 ||    15
         Headbutt          |       |     3 ||     3
   Cast: Magic Dart        |    12 |     8 ||    20
         Searing Ray       |     3 |     6 ||     9
    Use: Potion            |     1 |     1 ||     2
 Armour: Robe              |     7 |    27 ||    34
  Dodge: Dodged            |     5 |    66 ||    71
